 Dungeon Crawl Stone Soup version 0.29.1-14-g9c671dbff4 (webtiles) character file.

Game seed: 10286528612200968789

1817 Ast3rio the Covered (level 8, -1/62 HPs)
             Began as a Demonspawn Abyssal Knight on Feb 13, 2023.
             Was an Elder of Lugonu.
             Slain by an orc warrior
             ... wielding a +0 halberd
              (13 damage)
             ... on level 7 of the Dungeon on Feb 14, 2023.
             The game lasted 00:31:55 (6625 turns).

Ast3rio the Covered (Demonspawn Abyssal Knight)     Turns: 6625, Time: 00:31:55

Health: -1/62      AC: 11    Str: 16    XL:     8   Next: 85%
Magic:  10/10      EV:  8    Int: 11    God:    Lugonu [****..]
Gold:   305        SH:  4    Dex: 14    Spells: 7/7 levels left

rFire   + . .      SeeInvis .   l - +1 hand axe (flame)
rCold   + . .      Faith    .   (no shield)
rNeg    . . .      Spirit   .   q - +0 chain mail
rPois   +          Reflect  .   (helmet restricted)
rElec   +          Harm     .   (no cloak)
rCorr   +          Rampage  .   (no gloves)
Will    .....                   n - +0 pair of boots
Stlth   ..........              d - amulet of regeneration
HPRegen 1.00/turn               v - ring of flight
MPRegen 0.12/turn               (no ring)

@: resistant, flying
A: antennae 1, large bone plates 1, foul stench 1, powered by pain 2
a: Renounce Religion, Depart the Abyss, Bend Space, Banish, Corrupt


You were on level 7 of the Dungeon.
You worshipped Lugonu.
Lugonu was greatly pleased with you.
You visited 2 branches of the dungeon, and saw 8 of its levels.
You visited the Abyss 1 time.

You collected 305 gold pieces.

Inventory:

Hand Weapons
 a - a +1 falchion
 l - a +1 hand axe of flaming (weapon)
 u - a +1 antimagic hand axe
Missiles
 c - 107 stones
Armour
 b - a +0 leather armour
 n - a +0 pair of boots (worn)
 o - a +0 ring mail
 q - a +0 chain mail (worn)
Magical Staves
 g - a staff of fire
 A - a staff of fire
Jewellery
 d - an amulet of regeneration (around neck)
 v - a ring of flight (left hand)
Scrolls
 e - 2 scrolls of poison {unknown}
 h - 4 scrolls of teleportation {unknown}
 k - 4 scrolls of identify
 r - a scroll of summoning {unknown}
 t - 2 scrolls of magic mapping {unknown}
 x - a scroll of butterflies {unknown}
 y - 2 scrolls of brand weapon {unknown}
 B - a scroll of noise {unknown}
 C - a scroll of immolation {unknown}
 D - a scroll of silence {unknown}
Potions
 f - 2 potions of attraction
 i - a potion of berserk rage {unknown}
 j - a potion of brilliance
 p - a potion of might
 s - a potion of invisibility
 w - a potion of lignification


   Skills:
 + Level 5.2 Fighting
 + Level 2.9 Long Blades
 + Level 5.5 Axes
 + Level 6.1 Armour
 + Level 3.6 Dodging
 + Level 0.8 Stealth
 + Level 1.8 Shields
 + Level 2.7 Invocations


You had 7 spell levels left.
You didn't know any spells.
Your spell library contained the following spells:

 Spells                   Type           Power      Damage    Failure   Level
 Magic Dart               Conj           0%         1d3       99%         1
 Sandblast                Erth           0%         2d4       99%         1
 Passwall                 Tmut/Erth      0%         N/A       100%        2
 Searing Ray              Conj           0%         2d4       100%        2
 Stone Arrow              Conj/Erth      0%         3d7       100%        3
 Airstrike                Air            0%         2d(0-16)  100%        4
 Fulminant Prism          Conj/Hex       0%         3d6       100%        4
 Summon Lightning Spire   Summ/Air       0%         N/A       100%        4
 Lightning Bolt           Conj/Air       0%         1d11      100%        5


Dungeon Overview and Level Annotations

Branches:
Dungeon (7/15)             Temple (1/1) D:6

Altars:
Dithmenos
Fedhas
Ru
Sif Muna
Trog
Uskayaw
Yredelemnul

Shops:
D:4 ?


Innate Abilities, Weirdness & Mutations

You have a pair of small antennae on your head.
You are partially covered in large bone plates. (SH +4)
You may rarely emit foul miasma when damaged in melee.
You sometimes gain power by taking damage.


Message History

The orc warrior is moderately wounded.
The orc warrior hits you with a +0 halberd!
You barely miss the orc warrior.
The orc warrior is moderately wounded.
The orc warrior barely misses you.
You closely miss the orc warrior.
The orc warrior is moderately wounded.
The orc warrior hits you but does no damage.
You hit the orc warrior but do no damage.
The orc warrior is moderately wounded.
The orc warrior hits you with a +0 halberd!
You hit the orc warrior. You burn the orc warrior.
You punch the orc warrior, but do no damage.
The orc warrior is moderately wounded.
The orc warrior hits you with a +0 halberd.
You barely miss the orc warrior.
The orc warrior is moderately wounded.
The orc warrior barely misses you.
You hit the orc warrior. You burn the orc warrior.
The orc warrior is heavily wounded.
The orc warrior hits you with a +0 halberd!
* * * LOW HITPOINT WARNING * * *
You hit the orc warrior but do no damage.
The orc warrior is heavily wounded.
You block the orc warrior's attack.
You completely miss the orc warrior.
The orc warrior is heavily wounded.
You block the orc warrior's attack.
You feel better. The orc warrior closely misses you.
You feel protected.
The orc warrior hits you with a +0 halberd!
* * * LOW HITPOINT WARNING * * *
You hit the orc warrior but do no damage.
The orc warrior is heavily wounded.
The orc warrior hits you with a +0 halberd.
* * * LOW HITPOINT WARNING * * *
You hit the orc warrior but do no damage.
The orc warrior is heavily wounded.
The orc warrior hits you with a +0 halberd!
You die...

.. ##.#..### ..#
##.#.....## #..
##.##......##
##.####......###
###..#
#........##
######...##
#.........#
.........#
##.........
.....#...#
#......... ..##
#)@.# ##........
#.)o.# #........
#.....#
##.....P.
#.......
#......♣
#........
##...P.♣
..........#
###...♣
....?......#
##...
#...........
###. ##


You could see an orc warrior.

Vanquished Creatures
  Pikel (D:4)
  A water moccasin (D:6)
  An ice beast (D:7)
  A black bear (D:5)
  A sky beast (D:7)
  2 phantoms
  The ghost of nshep25 the Conjurer, an amateur DECj (D:4)
  2 bullfrogs
  2 scorpions
  A necrophage (D:4)
  6 hounds
  A bullfrog zombie (D:4)
  An orc priest (D:5)
  4 iguanas
  5 adders
  A shadow imp (D:7)
  An ufetubus (D:6)
  3 adder zombies (D:4)
  2 worms
  A dart slug (D:5)
  7 orcs
  6 endoplasms
  14 giant cockroaches
  7 goblins
  3 hobgoblins
  6 jackals
  2 quokkas
  5 ball pythons
  5 bats
  4 frilled lizards
  6 kobolds
  4 rats (D:3)
107 creatures vanquished.

Vanquished Creatures (others)
  3 demonic plants (D:7)
  24 fungi (D:4)
27 creatures vanquished.

Grand Total: 134 creatures vanquished

Notes
Turn   | Place    | Note
-------+----------+-------------------------------------------
     0 | Abyss:1  | Ast3rio the Demonspawn Abyssal Knight began the quest for
                  | the Orb.
     0 | Abyss:1  | Reached XP level 1. HP: 18/18 MP: 2/2
     1 | D:1      | Escaped the Abyss
   355 | D:1      | Reached skill level 1 in Dodging
   721 | D:1      | Gained mutation: You have a pair of small antennae on your
                  | head. [demonic ancestry]
   721 | D:1      | Reached XP level 2. HP: 24/24 MP: 3/3
  1053 | D:2      | Gained mutation: You may rarely emit foul miasma when
                  | damaged in melee. [demonic ancestry]
  1053 | D:2      | Reached XP level 3. HP: 22/29 MP: 5/5
  1139 | D:2      | Reached *** piety under Lugonu
  1344 | D:2      | Reached skill level 2 in Armour
  1344 | D:2      | Reached XP level 4. HP: 16/37 MP: 6/6
  2415 | D:3      | Gained mutation: You sometimes gain a little power by
                  | taking damage. [demonic ancestry]
  2415 | D:3      | Reached XP level 5. HP: 39/42 MP: 7/7
  3109 | D:4      | Reached skill level 1 in Axes
  3181 | D:4      | Found Gigiv's Magic Scroll Emporium.
  3285 | D:4      | Found a basalt altar of Yredelemnul.
  3293 | D:4      | Gained mutation: You are partially covered in large bone
                  | plates. (SH +4) [demonic ancestry]
  3293 | D:4      | Reached XP level 6. HP: 48/48 MP: 8/8
  3301 | D:4      | Reached **** piety under Lugonu
  3374 | D:4      | Noticed Pikel
  3410 | D:4      | Killed Pikel
  3411 | D:4      | Reached skill level 3 in Armour
  3411 | D:4      | Reached skill level 1 in Shields
  3411 | D:4      | Gained mutation: You sometimes gain power by taking damage.
                  | [demonic ancestry]
  3411 | D:4      | Reached XP level 7. HP: 17/55 MP: 9/9
  3703 | D:4      | Found a shimmering blue altar of Sif Muna.
  3779 | D:4      | Found a blossoming altar of Fedhas.
  3799 | D:4      | Found a runed translucent gate.
  3799 | D:4      | Found a runed translucent gate.
  3799 | D:4      | Found a runed translucent gate.
  3799 | D:4      | Noticed nshep25's ghost (amateur DECj)
  3821 | D:4      | Killed nshep25's ghost
  4118 | D:5      | Entered Level 5 of the Dungeon
  4434 | D:5      | Reached skill level 4 in Armour
  4445 | D:5      | Reached XP level 8. HP: 27/61 MP: 10/10
  5418 | D:6      | Reached skill level 5 in Axes
  5708 | D:6      | Reached skill level 5 in Fighting
  6040 | D:6      | Reached skill level 5 in Armour
  6103 | D:6      | Found a staircase to the Ecumenical Temple.
  6108 | Temple   | Entered the Ecumenical Temple
  6550 | D:7      | Reached skill level 6 in Armour
  6625 | D:7      | Slain by an orc warrior

Illustrated notes

Levels and vault maps discovered:
D:1:      minmay_arrival_shattered_statue, layout_basic,
          minmay_misc_feat_nine_boxes
D:2:      minmay_roachtagon, layout_basic
D:3:      layout_rooms, serial_aquarium, aquarium_bridge_square
          [aquarium_subvault_window, aquarium_subvault_bridge,
          aquarium_subvault_window, aquarium_subvault_bridge],
          aquarium_window_2, aquarium_window_fake, aquarium_view_2c
D:4:      layout_loops_cross, lemuel_doored_altar, mainiacjoe_overflow_chevrons,
          nicolae_yredelemnul_corpse_copse, serial_shops, shop,
          ebering_ghost_rock_garden, uniq_pikel
D:5:      layout_layer_cave
D:6:      layout_loops_ring, temple_doors_ab
D:7:      layout_cave_pods, serial_demonic, serial_demonic_b, serial_demonic_b,
          serial_demonic_g, serial_demonic_f, serial_demonic_c, serial_demonic_f
Temple:   regret_index_temple_generic_petals

Skill      XL: |  1  2  3  4  5  6  7  8 |
---------------+-------------------------+-----
Dodging        | 1 2 3 |  3.6
Long Blades    | 2 |  2.9
Armour         | 2 3 4 6 |  6.1
Fighting       | 4 5 |  5.2
Axes           | 2 4 5 |  5.5
Shields        | 1 |  1.8
Stealth        | |  0.8
Invocations    | |  2.7

Action                   |  1- 3 |  4- 6 |  7- 9 || total
-------------------------+-------+-------+-------++-------
Melee: Falchion          |   107 |       |       ||   107
       Hand axe          |       |   156 |   230 ||   386
       Punch             |       |     1 |     4 ||     5
  Use: Potion            |       |     4 |     6 ||    10
       Scroll            |       |     1 |       ||     1
 Stab: Sleeping          |       |     1 |       ||     1
Armor: Leather armour    |    77 |    35 |       ||   112
       Ring mail         |       |    17 |       ||    17
       Chain mail        |       |    40 |   111 ||   151
Dodge: Dodged            |   143 |   135 |    74 ||   352
Block: Other             |       |    17 |    39 ||    56
